 Dungeon Crawl Stone Soup version 0.30-a0-368-g86fb4627a9 (webtiles) character file.

Game seed: 14365965185180448458

2405 Pooter the Cleaver (level 9, 0/82 HPs)
             Began as a Minotaur Berserker on Nov 20, 2022.
             Was a Priest of Trog.
             Slain by a killer bee (2 damage)
             ... on level 7 of the Dungeon.
             The game lasted 00:24:36 (4637 turns).

Pooter the Cleaver (Minotaur Berserker)             Turns: 4637, Time: 00:24:36

Health: 0/82       AC: 15    Str: 32    XL:     9   Next: 23%
Magic:  8/8        EV:  9    Int:  4    God:    Trog [***...]
Gold:   362        SH:  0    Dex: 10    Spells: 8/8 levels left

rFire   . . .      SeeInvis +    a - +0 war axe
rCold   . . .      Faith    .    (no shield)
rNeg    . . .      Spirit   .    A - +0 chain mail
rPois   .          Reflect  .    (helmet restricted)
rElec   .          Harm     .    v - +2 cloak
rCorr   .          Rampage  .    i - +2 pair of gloves
Will    .....                    (no boots)
Stlth   ..........               (no amulet)
HPRegen 0.33/turn                E - +6 ring of strength
MPRegen 0.11/turn                S - ring of see invisible

@: about to teleport, on berserk cooldown, slowed, very slow
A: horns 2, retaliatory headbutt
a: Renounce Religion, Berserk, Trog's Hand


You were on level 7 of the Dungeon.
You worshipped Trog.
Trog was most pleased with you.
You visited 1 branch of the dungeon, and saw 7 of its levels.
You also visited: Sewer.

You collected 362 gold pieces.

Inventory:

Hand Weapons
 a - a +0 war axe (weapon)
   (You took it off an orc on level 4 of the Dungeon)
 b - a +0 sling
   (You found it on level 2 of the Dungeon)
 x - a +0 hand axe
 C - a +0 trident
   (You found it on level 2 of the Dungeon)
 F - a +2 whip of flaming
   (You took it off Pikel on level 5 of the Dungeon)
Missiles
 c - 3 atropa-tipped darts
 e - a throwing net {!f}
 w - 8 boomerangs (quivered)
 Q - 24 stones
Armour
 i - a +2 pair of gloves (worn)
   (You found it on level 6 of the Dungeon)
 p - a scarf of invisibility
   (You found it on level 4 of the Dungeon)
 v - a +2 cloak (worn)
   (You found it on level 2 of the Dungeon)
 A - a +0 chain mail (worn)
   (You found it in a sewer)
Jewellery
 E - a +6 ring of strength (left hand)
   (You found it on level 5 of the Dungeon)
 I - a ring of protection from cold
   (You found it on level 4 of the Dungeon)
 S - a ring of see invisible (right hand)
   (You found it on level 4 of the Dungeon)
Wands
 f - a wand of flame (8)
   (You found it on level 5 of the Dungeon)
 u - a wand of paralysis (4)
   (You found it on level 6 of the Dungeon)
Scrolls
 d - 3 scrolls of vulnerability {!r}
 g - 3 scrolls of immolation {!r}
 j - 2 scrolls of torment {!r}
 l - 2 scrolls of fear {unknown}
 n - a scroll of amnesia {unknown}
 s - a scroll of noise {unknown}
 t - 3 scrolls of teleportation {@r4}
 y - 2 scrolls of magic mapping {unknown}
 D - 2 scrolls of enchant armour
 J - a scroll of summoning {unknown}
 K - a scroll of blinking {unknown}
 L - a scroll of butterflies
 M - 2 scrolls of brand weapon {unknown}
Potions
 h - a potion of brilliance {unknown}
 k - 2 potions of attraction {unknown}
 m - 2 potions of degeneration {unknown}
 o - a potion of curing {@q1}
 q - 3 potions of resistance {unknown}
 r - a potion of lignification {unknown}
 z - a potion of heal wounds {unknown}
 B - a potion of invisibility {unknown}
 G - 2 potions of haste {unknown}
 H - a potion of magic {unknown}


   Skills:
 + Level 8.3 Fighting
 * Level 9.2(9.4) Axes
 - Level 2.0(6.1) Polearms
 * Level 8.0 Ranged Weapons
 - Level 2.4 Armour
 - Level 2.1 Dodging
 - Level 2.1 Stealth


You had 8 spell levels left.
You didn't know any spells.
Your spell library was empty.

Dungeon Overview and Level Annotations

Branches:
Dungeon (7/15)             Temple (0/1) D:5           Sewer (visited)

Altars:
Makhleb
Nemelex Xobeh
Uskayaw
Vehumet

Shops:
D:6 :   D:7 :


Innate Abilities, Weirdness & Mutations

You have a pair of horns on your head.
You reflexively headbutt those who attack you in melee.


Message History

You are no longer berserk.
You are exhausted.
You feel yourself slow down.
Your skin stops crawling.
You feel less strong-willed.
The orc priest mumbles some strange prayers to Beogh against you.
Beogh smites you!
* * * LOW HITPOINT WARNING * * *
A killer bee comes into view.
You feel better. The killer bee barely misses you.
Something stings your butterfly!
Your butterfly dies!
Your butterfly disappears in a burst of colours!
The killer bee stings you.
* * * LOW HITPOINT WARNING * * *
You are poisoned.
The killer bee poisons you!
You feel better.
A killer bee comes into view.
The killer bee stings you but does no damage.
The killer bee stings you.
* * * LOW HITPOINT WARNING * * *
A killer bee comes into view.
As you read the scroll labelled OLIGITHOPE, it crumbles to dust.
You feel strangely unstable.
It was a scroll of teleportation.
t - 3 scrolls of teleportation;
x - a +0 hand axe A killer bee comes into view.
The killer bee stings you but does no damage.
The killer bee stings you.
* * * LOW HITPOINT WARNING * * *
The killer bee stings you.
* * * LOW HITPOINT WARNING * * *
A killer bee comes into view.
The killer bee stings you but does no damage.
The killer bee stings you.
* * * LOW HITPOINT WARNING * * *
You are poisoned.
The killer bee poisons you!
The killer bee closely misses something.
The orc priest hits something with a +0 trident.
Unknown command.
You feel better. The killer bee stings you.
* * * LOW HITPOINT WARNING * * *
The killer bee barely misses you.
The killer bee stings you but does no damage. x2
The orc priest mumbles some strange prayers to Beogh against you.
Beogh smites you!
* * * LOW HITPOINT WARNING * * *
A killer bee comes into view.
The killer bee stings you.
You die...

#...b............# #
#...b.b........P##
#.#..b.........~P~..
#∩#..bb).b.~PP~~~~..
+.#...#5).PSS5~~♣~~.
+.#...#o.#S.P♣♣♣♣♣~P
#>##.bb5b#.~♣♣ ~P #
###...b.P~♣
#@#..b..~~~
#yyy5o....P~
......###y##...P.P
.#.### .# #... ..
... ..# .. #.. ...


You could see 4 killer bees, an orc priest and a white imp.

Vanquished Creatures
  Pikel (D:5)
  4 yaks (D:6)
  Duvessa (D:5)
  2 ice beasts
  2 ogres
  3 scorpions (D:5)
  Dowan (D:5)
  The ghost of qeuew the Trooper, a weakling MiMo (D:3)
  4 hounds
  A jelly (D:6)
  3 orc priests
  2 iguanas
  3 orc wizards
  Natasha (twice) (D:3)
  A hell rat (Sewer)
  4 adders
  3 river rats (Sewer)
  A shadow imp (D:6)
  3 worms
  2 dart slugs
  15 orcs
  3 bats
  4 endoplasms
  3 giant cockroaches
  4 goblins
  7 hobgoblins
  8 jackals
  4 kobolds
  2 quokkas
  12 ball pythons
  3 frilled lizards
  12 rats
121 creatures vanquished.

Vanquished Creatures (others)
  An orc (D:7)
  15 plants
16 creatures vanquished.

Grand Total: 137 creatures vanquished

Notes
Turn   | Place    | Note
-------+----------+-------------------------------------------
     0 | D:1      | Pooter the Minotaur Berserker began the quest for the Orb.
     0 | D:1      | Reached XP level 1. HP: 19/19 MP: 0/0
    74 | D:1      | Reached XP level 2. HP: 21/27 MP: 1/1
   557 | D:1      | Reached skill level 4 in Axes
   622 | D:1      | Reached skill level 1 in Stealth
   647 | D:1      | Reached ** piety under Trog
   771 | D:1      | Reached XP level 3. HP: 31/34 MP: 2/2
  1544 | D:3      | Found a runed translucent door.
  1544 | D:3      | Noticed qeuew's ghost (weakling MiMo)
  1555 | D:3      | Killed qeuew's ghost
  1556 | D:3      | Reached skill level 5 in Fighting
  1556 | D:3      | Reached skill level 1 in Ranged Weapons
  1556 | D:3      | Reached XP level 4. HP: 40/42 MP: 3/3
  1619 | D:3      | Noticed Natasha
  1627 | D:3      | Killed Natasha
  1628 | D:3      | Reached skill level 1 in Polearms
  1665 | D:3      | Found a glowing drain.
  1681 | D:3      | Reached XP level 5. HP: 48/48 MP: 4/4
  1694 | Sewer    | Entered a sewer
  1848 | D:3      | Identified the +4 ring mail of Sera {Int+5}
  1905 | D:3      | Found a burning altar of Makhleb.
  1921 | D:3      | Noticed Natasha
  1926 | D:3      | Killed Natasha
  2066 | D:3      | Identified the +0 scale mail "Kustezxo" {rN+}
  2110 | D:3      | Found a faded altar of an unknown god.
  2538 | D:4      | Reached *** piety under Trog
  2710 | D:4      | Reached XP level 6. HP: 57/57 MP: 5/5
  2959 | D:5      | Entered Level 5 of the Dungeon
  2975 | D:5      | Found a staircase to the Ecumenical Temple.
  2982 | D:5      | Noticed an ice beast
  2989 | D:5      | Killed an ice beast
  3087 | D:5      | Reached skill level 5 in Axes
  3115 | D:5      | Noticed Pikel
  3126 | D:5      | Killed Pikel
  3127 | D:5      | Reached skill level 6 in Axes
  3127 | D:5      | Reached skill level 5 in Ranged Weapons
  3127 | D:5      | Reached XP level 7. HP: 64/64 MP: 6/6
  3132 | D:5      | Reached XP level 8. HP: 49/73 MP: 7/7
  3374 | D:5      | Noticed Duvessa
  3386 | D:4      | Reached skill level 7 in Axes
  3452 | D:5      | Noticed Dowan
  3460 | D:5      | Killed Duvessa
  3463 | D:5      | Killed Dowan
  3766 | D:5      | Found a hide-covered altar of Uskayaw.
  3769 | D:5      | Found a radiant altar of Vehumet.
  3903 | D:6      | Reached skill level 8 in Axes
  3921 | D:6      | Reached XP level 9. HP: 47/81 MP: 8/8
  4141 | D:6      | Found Losuoff's Vocational Training.
  4280 | D:6      | Found a sparkling altar of Nemelex Xobeh.
  4333 | D:6      | Reached skill level 9 in Axes
  4621 | D:7      | Found Ucuugeud's Book Shop.
  4637 | D:7      | HP: 2/82 [orc priest/divine providence (15)]
  4637 | D:7      | Slain by a killer bee

Illustrated notes

Levels and vault maps discovered:
D:1:      dpeg_arrival_long_road, layout_loops_ring, serial_bayou,
          serial_bayou_lake_a, serial_bayou_shore_a, serial_bayou_pond_a,
          serial_bayou_pond_a, st_stairs_10
D:2:      layout_loops_cross, minmay_3d_cube
D:3:      layout_rooms, lightli_temple_of_fire, ebering_ghost_reflecting_pool,
          cheibrodos_sewer_entry_drain, shapermc_ecumenical_altar_ellora,
          uniq_natasha
D:4:      layout_rooms, grunt_ministairs_8, nrook_mini_backslash,
          serial_bayou_crossing
D:5:      layout_rooms, nicolae_overflow_hidden_temple,
          minmay_temple_entry_trees, hangedman_decor_lopped, uniq_duvessa,
          uniq_pikel
D:6:      layout_basic, nemelex_spade_bored_becter, nicolae_shop_vocational
D:7:      layout_cave_pools, amcnicky_altar_gilded,
          mainiacjoe_overflow_surrounded_room, serial_shops,
          nicolae_shop_hallway_stairs, nicolae_shop_behind_doors, serial_bayou,
          serial_bayou_pond_a, serial_bayou_pond_d, serial_bayou_pond_c,
          serial_bayou_pond_b, dk_noncrumbling_4, nicolae_elemental_shop

Skill      XL: |  1  2  3  4  5  6  7  8  9 |
---------------+----------------------------+-----
Fighting       | 4 5 6 7 8 |  8.3
Axes           | 4 6 8 9 |  9.2
Stealth        | 1 2 |  2.1
Ranged Weapons | 1 2 5 7 8 |  8.0
Polearms       | 1 2 |  2.0
Armour         | |  2.4
Dodging        | |  2.1

Action                   |  1- 3 |  4- 6 |  7- 9 || total
-------------------------+-------+-------+-------++-------
Melee: Hand axe          |    72 |       |       ||    72
       Headbutt          |    11 |    17 |    22 ||    50
       Trident           |    12 |    93 |       ||   105
       Punch             |     1 |       |     1 ||     2
       War axe           |       |    21 |    87 ||   108
 Fire: Sling             |     3 |    21 |    11 ||    35
Throw: Boomerang         |       |     2 |       ||     2
       Dart              |       |       |     4 ||     4
Invok: Berserk           |     2 |     2 |     2 ||     6
       Trog's Hand       |       |     1 |     5 ||     6
  Use: Scroll            |     3 |     1 |     4 ||     8
       Potion            |       |       |     3 ||     3
 Stab: Sleeping          |     1 |       |       ||     1
Armor: Animal skin       |     9 |       |       ||     9
       Leather armour    |     8 |    13 |       ||    21
       Chain mail        |       |    26 |    45 ||    71
Dodge: Dodged            |    57 |    41 |    41 ||   139

Table legend: (Time is in decaauts)
 A = Elapsed time spent in this place.
 B = Non-inter-level travel time spent in this place.
 C = Inter-level travel time spent in this place.
 D = Time resting spent in this place.
 E = Time spent auto-exploring this place.
 F = Levels seen in this place.
 G = Mean time per level.
                   A        B        C        D        E       F      G
               +--------+--------+--------+--------+--------+-----+--------+
         Total |   4793 |   4631 |    162 |    377 |   3166 |   8 |  599.1 |
       Dungeon |   4632 |   4470 |    162 |    374 |   3089 |   7 |  661.7 |
         Sewer |    161 |    161 |      0 |      3 |     77 |   1 |  161.0 |
               +--------+--------+--------+--------+--------+-----+--------+

Top non-repeatable levels by time:
     D:1: 950 daAuts
     D:5: 840 daAuts
     D:3: 742 daAuts
     D:6: 734 daAuts
     D:2: 656 daAuts
     D:4: 645 daAuts
   Sewer: 161 daAuts
     D:7: 61 daAuts
